 Dungeon Crawl Stone Soup version 0.26.0-45-g9c1d065592 (webtiles) character file.

Game seed: 8520565782196407610

(classic levelgen) 466 thiole the Shield-Bearer (level 7, 0/45 HPs)
             Began as an Octopode Hedge Wizard on Jan 29, 2021.
             Slain by an orc
             ... wielding a +0 short sword
              (7 damage)
             ... on level 4 of the Dungeon.
             The game lasted 00:09:13 (5186 turns).

thiole the Shield-Bearer (Octopode Hedge Wizard)    Turns: 5186, Time: 00:09:14

Health: 0/45       AC:  1    Str: 10    XL:     7   Next: 8%
Magic:  2/11       EV: 13    Int: 18    God:
Gold:   229        SH:  0    Dex: 11    Spells: 4/12 levels left

rFire    . . .     SeeInvis .   a - +0 dagger
rCold    . . .     Faith    .   (no shield)
rNeg     . . .     Spirit   .   b - +0 hat
rPois    .         Reflect  .   (no amulet)
rElec    .         Harm     .   (no ring)
rCorr    .         Rampage  .   (no ring)
Will     .....                  (no ring)
Stlth    +++.......             (no ring)
HPRegen  0.15/turn              (no ring)
MPRegen  0.12/turn              (no ring)
                                (no ring)
                                (no ring)

@: very slightly contaminated
A: almost no armour, stealthy swim, amphibious, 8 rings, constrict 8, camouflage
1, gelatinous body 1
a: no special abilities


You were on level 4 of the Dungeon.
You visited 2 branches of the dungeon, and saw 5 of its levels.

You collected 229 gold pieces.

Inventory:

Hand Weapons
 a - a +0 dagger (weapon)
Armour
 b - a +0 hat (worn)
 m - a +0 tower shield
Scrolls
 c - 3 scrolls of magic mapping {unknown}
 d - 2 scrolls of remove curse {unknown}
 e - 5 scrolls of identify {unknown}
 i - 4 scrolls of teleportation {unknown}
 l - a scroll of blinking {unknown}
 o - 2 scrolls of enchant armour {unknown}
Potions
 f - 3 potions of curing
 g - a potion of attraction {unknown}
 h - 2 potions of degeneration {unknown}
 j - a potion of might {unknown}
 k - a potion of haste {unknown}
 n - a potion of ambrosia {unknown}
 p - a potion of lignification {unknown}


   Skills:
 - Level 2.0 Fighting
 - Level 2.0 Dodging
 - Level 2.6 Stealth
 * Level 4.1 Shields
 - Level 3.0 Spellcasting
 - Level 3.0 Conjurations
 - Level 2.0 Summonings
 - Level 1.0 Translocations
 - Level 3.0 Air Magic
 - Level 2.0 Poison Magic


You had 4 spell levels left.
You knew the following spells:

 Your Spells              Type           Power        Failure   Level
a - Magic Dart            Conj           52%          4%          1
b - Call Imp              Summ           9%           11%         2
c - Blink                 Tloc           N/A          16%         2
d - Mephitic Cloud        Conj/Pois/Air  12%          17%         3

Your spell library contained the following spells:

 Spells                   Type           Power        Failure   Level
 Slow                     Hex            2%           24%         2
 Conjure Flame            Conj/Fire      8%           26%         3


Dungeon Overview and Level Annotations

Branches:
Dungeon (4/15)             Temple (1/1) D:4

Altars:
Fedhas
Hepliaklqana
Kikubaaqudgha
Makhleb
Nemelex Xobeh
Okawaru
Ru
Uskayaw
Vehumet
Wu Jian
Xom
Yredelemnul
Zin
The Shining One


Innate Abilities, Weirdness & Mutations

You cannot wear most types of armour.
You are very stealthy in the water. (Stealth+)
You are amphibious.
You can wear up to eight rings at the same time.
You can use your tentacles to constrict eight enemies at once.
Your skin changes colour to match your surroundings (Stealth+).
Your rubbery body absorbs attacks. (AC +1, EV +1)


Message History

The orc wizard is severely wounded.
You constrict the orc wizard. The orc wizard closely misses you.
The orc hits you with a +0 dagger.
Your crimson imp hits the orc wizard.
You hit the orc wizard.
The orc wizard is almost dead.
You constrict the orc wizard.
You kill the orc wizard!
The orc hits you with a +0 short sword! The orc misses you.
Your crimson imp hits the orc.
Your Shields skill increases to level 4!
The orc barely misses your crimson imp.
The scorpion closely misses your crimson imp.
Your crimson imp blinks!
The orc hits you with a +0 short sword!
Keep equipping yourself?
* * * LOW HITPOINT WARNING * * *
You start putting on your armour.
You continue putting on your tower shield.
The orc hits you with a +0 short sword!
You die...

.###(### .# #.#
#......# .# #.#
#.....5# .# #.#
#......# ## #.#
#......# #.#
#......# #.#
#.....o# .. #.###
#...s..##....
#...#
#..@oo.......
#...#
#########'###...
#...###.........#
#
#...##....#######
####...##....#
.......##....#
.###...##....#
.###...##....#
.............#


You could see a scorpion, 3 orcs and a friendly crimson imp (summoned).

Vanquished Creatures
  An ice beast (D:3)
  A howler monkey (D:4)
  An orc priest (D:4)
  A jelly (D:2)
  Natasha (thrice) (D:4)
  4 orc wizards
  An adder (D:3)
  4 orcs
  7 bats
  4 giant cockroaches
  9 goblins
  9 hobgoblins
  4 jackals
  10 kobolds
  A quokka (D:3)
  A ball python (D:3)
  5 frilled lizards
  9 rats
75 creatures vanquished.

Vanquished Creatures (collateral kills)
  An ogre (D:4)
  A hound (D:4)
  A worker ant (D:4)
  A jackal skeleton (D:4)
4 creatures vanquished.

Grand Total: 79 creatures vanquished

Notes
Turn   | Place    | Note
-------+----------+-------------------------------------------
     0 | D:1      | thiole the Octopode Hedge Wizard began the quest for the
                  | Orb.
     0 | D:1      | Reached XP level 1. HP: 11/11 MP: 4/4
   227 | D:1      | Reached XP level 2. HP: 16/17 MP: 0/6
  1176 | D:2      | Reached XP level 3. HP: 21/21 MP: 7/7
  1741 | D:2      | Reached XP level 4. HP: 29/29 MP: 1/8
  2198 | D:3      | Noticed an ice beast
  2207 | D:3      | Learned a level 2 spell: Call Imp
  2210 | D:3      | Learned a level 2 spell: Blink
  2214 | D:3      | Learned a level 3 spell: Mephitic Cloud
  2257 | D:3      | Killed an ice beast
  2258 | D:3      | Reached XP level 5. HP: 15/34 MP: 1/9
  3625 | D:4      | Noticed Natasha
  3635 | D:4      | Killed Natasha
  3636 | D:4      | Reached skill level 1 in Poison Magic
  3834 | D:4      | Found a staircase to the Ecumenical Temple.
  3843 | Temple   | Entered the Ecumenical Temple
  4029 | D:4      | Reached skill level 1 in Shields
  4082 | D:4      | Reached XP level 6. HP: 30/39 MP: 2/10
  4240 | D:4      | Noticed Natasha
  4257 | D:4      | Killed Natasha
  4409 | D:4      | Reached skill level 2 in Shields
  4413 | D:4      | Noticed Natasha
  4591 | D:4      | Reached skill level 3 in Shields
  5054 | D:4      | Killed Natasha
  5055 | D:4      | Reached XP level 7. HP: 34/45 MP: 1/11
  5184 | D:4      | Reached skill level 4 in Shields
  5186 | D:4      | Slain by an orc

Illustrated notes

Levels and vault maps discovered:
D:1:      dpeg_arrival_more_subterranean_lakeside_camping, layout_basic,
          serial_forest, infiniplex_forest_clump_medium,
          infiniplex_forest_straight_4, infiniplex_forest_zigzag_1,
          infiniplex_forest_straight_2, infiniplex_forest_straight_3,
          infiniplex_forest_clump_small, infiniplex_forest_end_3,
          infiniplex_forest_diagonal, infiniplex_forest_lined_room_2,
          infiniplex_forest_lined_ring, minmay_misc_feat_alley
D:2:      layout_basic
D:3:      layout_loops_ring, saegor_snake_ambush
D:4:      layout_basic, minmay_temple_entry_waves, uniq_edmund, uniq_natasha
Temple:   eino_narrow_crystal_temple

Skill      XL: |  1  2  3  4  5  6  7 |
---------------+----------------------+-----
Conjurations   | 2 3 |  3.0
Fighting       | 2 |  2.0
Summonings     | 2 |  2.0
Air Magic      | 2 3 |  3.0
Poison Magic   | 1 2 |  2.0
Shields        | 1 3 4 |  4.1
Dodging        | |  2.0
Stealth        | |  2.6
Spellcasting   | |  3.0
Translocations | |  1.0

Action                   |  1- 3 |  4- 6 |  7- 9 || total
-------------------------+-------+-------+-------++-------
Melee: Dagger            |    29 |    62 |     3 ||    94
       Constrict         |     8 |    15 |     1 ||    24
       Tentacles         |     4 |    13 |       ||    17
 Cast: Magic Dart        |    49 |    70 |     6 ||   125
       Call Imp          |       |    24 |     1 ||    25
       Mephitic Cloud    |       |     1 |       ||     1
       Blink             |       |     1 |       ||     1
  Use: Potion            |       |     5 |       ||     5
 Stab: Sleeping          |     2 |     6 |       ||     8
       Distracted        |       |     1 |       ||     1
Armor: Skin              |     1 |     4 |       ||     5
Dodge: Dodged            |    18 |    37 |     4 ||    59
